 Dungeon Crawl Stone Soup version 0.30.0-5-g1a98f26d00 (webtiles) character file.

Game seed: 13801758181065829066

32 qeuew the Chopper (level 3, -1/33 HPs)
             Began as a Minotaur Berserker on May 9, 2023.
             Was a Believer of Trog.
             Killed from afar by Terence (22 damage)
             ... with a bolt of dispelling energy
             ... on level 2 of the Dungeon.
             The game lasted 00:02:16 (984 turns).

qeuew the Chopper (Minotaur Berserker)               Turns: 984, Time: 00:02:17

Health: -1/33      AC:  3    Str: 21    XL:     3   Next: 10%
Magic:  2/2        EV: 12    Int:  4    God:    Trog [**....]
Gold:   31         SH:  0    Dex: 11    Spells: 2/2 levels left

rFire   . . .        a - +0 hand axe
rCold   + . .        (no shield)
rNeg    . . .        f - +0 leather armour
rPois   .            (helmet unavailable)
rElec   .            (no cloak)
rCorr   .            (no gloves)
SInv    .            (no boots)
Will    .....        (no amulet)
Stlth   +            (no ring)
HPRegen 0.25/turn    (no ring)
MPRegen 0.08/turn

%: no passive effects
@: no status effects
A: horns 3, retaliatory headbutt, cold resistance 1
a: Renounce Religion, Berserk, Trog's Hand


You were on level 2 of the Dungeon.
You worshipped Trog.
Trog was pleased with you.
You visited 1 branch of the dungeon, and saw 2 of its levels.

You collected 31 gold pieces.

Inventory:

Hand Weapons
 a - a +0 hand axe (weapon)
Armour
 f - a +0 leather armour (worn)
Scrolls
 b - a scroll of identify


   Skills:
 + Level 4.0 Fighting
 + Level 4.0 Axes
 * Level 3.3 Armour
 + Level 2.6 Dodging


You had 2 spell levels left.
You didn't know any spells.
Your spell library was empty.

Dungeon Overview and Level Annotations

Branches:
Dungeon (2/15)

Altars:

Annotations:
D:2 Terence


Innate Abilities, Weirdness & Mutations

You have a pair of large horns on your head.
You reflexively headbutt those who attack you in melee.
Your flesh is cold resistant. (rC+)


Message History

(D) Dungeon
Where to? (Enter - D:1 @ (x,y), ? - help)
What level of the Dungeon? (default 1, ? - help)
You feel yourself speed up.
You recover from your berserk rage.
There is a stone staircase leading down here.
You climb downwards.
There is a stone staircase leading up here.
A rat is nearby!
You barely miss the rat. The rat barely misses you.
You barely miss the rat. You headbutt the rat.
You kill the rat!
Trog accepts your kill.
No target in view!
No target in view!
No target in view!
No target in view!
No target in view!
You see here a rat corpse.
b - a scroll of identify Terence the Incautious comes into view.
He is wielding a +0 flail and carrying a wand of quicksilver (11).
Terence shouts!
You hear a bark!
Terence is nearby!
Terence is nearby!
Terence zaps a wand.
The bolt of dispelling energy hits you!
A jackal comes into view.
Found a runed spear.
The jackal barks!
A jackal comes into view. x3
The jackal barks!
You hit Terence.
Terence is moderately wounded.
You hear an angry hiss.
Terence hits you with a +0 flail.
You hit Terence but do no damage.
Terence is moderately wounded.
Terence zaps a wand.
The bolt of dispelling energy hits you!!
Ouch! That really hurt!
You die...

#)########.#.#
#............#
#............#
#............# .
#............#
..
#............#.#
..hh..h........#
...h..@@....#
............#
....######.##
... #.# . #.#
#.# #.# #.# #.#


You could see Terence and 4 jackals.

Vanquished Creatures
  A dart slug (D:1)
  An endoplasm (D:1)
  2 giant cockroaches (D:1)
  3 goblins (D:1)
  3 hobgoblins (D:1)
  A quokka (D:1)
  2 ball pythons (D:1)
  4 bats (D:1)
  3 frilled lizards (D:1)
  A kobold (D:1)
  10 rats
31 creatures vanquished.

Notes
Turn   | Place    | Note
-------+----------+-------------------------------------------
     0 | D:1      | qeuew the Minotaur Berserker began the quest for the Orb.
     0 | D:1      | Reached XP level 1. HP: 19/19 MP: 0/0
   215 | D:1      | Reached XP level 2. HP: 27/27 MP: 1/1
   561 | D:1      | Reached ** piety under Trog
   572 | D:1      | Reached XP level 3. HP: 33/33 MP: 2/2
   837 | D:1      | Gained mutation: Your spells are a little easier to cast,
                  | but a little less powerful. [potion of mutation]
   837 | D:1      | Gained mutation: Armour fits poorly on your strangely
                  | shaped body. [potion of mutation]
   837 | D:1      | Gained mutation: You have large cloven feet. [potion of
                  | mutation]
   843 | D:1      | Lost mutation: Armour fits poorly on your strangely shaped
                  | body. [potion of mutation]
   843 | D:1      | Lost mutation: Your spells are a little easier to cast, but
                  | a little less powerful. [potion of mutation]
   843 | D:1      | Lost mutation: You have large cloven feet. [potion of
                  | mutation]
   843 | D:1      | Gained mutation: Your flesh is cold resistant. (rC+)
                  | [potion of mutation]
   843 | D:1      | Gained mutation: You have a pair of large horns on your
                  | head. [potion of mutation]
   979 | D:2      | Noticed Terence
   984 | D:2      | Killed from afar by Terence

Illustrated notes

Levels and vault maps discovered:
D:1:      dpeg_arrival_subterranean_lakeside_camping, layout_loops_ring
D:2:      layout_basic, hellmonk_ecumenical_altar_run_dry, serial_shops,
          nicolae_shop_stone, uniq_terence

Skill      XL: |  1  2  3 |
---------------+----------+-----
Armour         | 3 |  3.3
Axes           | 4 |  4.0
Fighting       | 4 |  4.0
Dodging        | |  2.6

Action                     || total
---------------------------++-------
  Melee: Hand axe          ||    70
         Headbutt          ||     5
         Punch             ||     1
    Use: Scroll            ||     5
         Potion            ||     3
 Armour: Animal skin       ||     2
         Leather armour    ||    15
  Dodge: Dodged            ||    41
